AoeStats
← melmaso

Arena

509236148Analyzed
2v2 RM · 7d ago on Sep 26, 2026· 22m 39s· 4 players
Game mode
Random Map
Map size
Medium (4 player)
Population
200
Speed
Normal
Resources
Standard
Victory
Conquest
Starting age
Dark Age
Ending age
Imperial Age
RankedLock teamsTeams togetherTeam positionsShared explorationLock speedFull tech treeHidden civsTurbo modeCheats
Victory
Defeat
🇺🇸 Koreans · United States
757
+14
🇺🇸 Sicilians · United States
728
+15
🇺🇸 Britons · United States
739
-16
🇺🇸 Poles · United States
667
-24
Master Turtle
13:30 Feudal Age
19:25 Castle Age
20:10 Pikeman
20:52 Squires
Masked_Monke
11:33 Feudal Age
12:54 Wheelbarrow
12:02 Horse Collar
12:09 Double-Bit Axe
18:22 Scale Barding Armor
21:55 Castle Age
21:03 Bloodlines
22:14 Light Cavalry
melmaso
9:04 Loom
10:50 Feudal Age
11:54 Double-Bit Axe
14:40 Horse Collar
16:01 Bloodlines
19:52 Scale Barding Armor
19:57 Forging
23:07 Gold Mining
Melmasa
0:36 Loom
10:43 Feudal Age
12:12 Wheelbarrow
13:53 Double-Bit Axe
14:46 Horse Collar
16:08 Stone Mining
16:22 Gold Mining
22:13 Castle Age
21:48 Fletching
22:20 Scale Mail Armor
22:32 Pikeman
Connection lost

Rejoining the realm…

Still unreachable

The connection could not be restored.

Session expired

The server has moved on; the page needs a fresh start.